Panthers vs Kings

Created - October-25-12 at 18:10

Goals
1 2 3 T
Panthers 0 0 0 0
Kings 0 1 0 1
Shots
1 2 3 T
Panthers 3 4 7 14
Kings 10 11 9 30

1st period

No Goal

Penalties :
Luca Sbisa (FLA) for Holding (Minor) at 13:55

2nd period

1. Kings , Matt Duchene 3 (Sergei Gonchar, Erik Condra) at 17:38

Penalties :
Erik Condra (LOS) for Fighting (Major) at 4:03, Niklas Kronwall (FLA) for Fighting (Major) at 4:03, Mike Komisarek (FLA) for Hooking (Minor) at 5:38, Brian Boyle (LOS) for Goalie Interference (Minor) at 9:36, Daniel Alfredsson (FLA) for Holding (Minor) at 14:03, Joe Corvo (LOS) for Hooking (Minor) at 19:42

3rd period

No Goal

Penalties :
Luca Sbisa (FLA) for Holding Stick (Minor) at 5:56, Justin Falk (FLA) for Diving (Minor) at 6:03, Colin Greening (FLA) for Interference (Minor) at 19:26

Goalie Stats

Tim Thomas (FLA), 29 saves from 30 shots - (0.967), L, 2-5-0, 60:00 minutes
Jonathan Quick (LOS), 14 saves from 14 shots - (1.000), W, 4-2-0, 60:00 minutes

Players Stats for Panthers

Player Name              G  A  P  +/- PIM S  H  SB GA TA FO     MP     PP MP  PK MP  
------------------------------------------------------------------------------------
Andy Greene              0  0  0   0  0   1  3  2  0  0  0/0    18:35   1:35   1:58 
Colin Greening           0  0  0   0  2   0  1  0  0  0  1/1    10:53   0:00   0:35 
Daniel Alfredsson        0  0  0   0  2   3  2  0  0  0  8/17   24:44   2:10   3:45 
Dave Bolland             0  0  0  -1  0   0  0  0  0  0  9/24   21:44   1:48   1:39 
Jason Garrison           0  0  0  -1  0   2  1  1  0  0  0/0    22:41   2:19   3:55 
Jiri Hudler              0  0  0  -1  0   0  1  0  0  0  0/0    20:05   1:48   0:00 
Johnny Oduya             0  0  0   0  0   0  2  0  0  0  0/0    19:15   1:39   4:18 
Justin Falk              0  0  0   0  2   1  3  1  0  0  0/0    14:50   0:00   1:10 
Kyle Quincey             0  0  0   0  0   0  0  0  0  0  0/0     1:12   0:00   0:00 
Lee Stempniak            0  0  0   0  0   0  1  0  0  0  0/4    14:41   0:00   2:37 
Luca Sbisa               0  0  0   0  4   0  3  0  0  0  0/0    10:53   0:00   1:58 
Matt Cullen              0  0  0  -1  0   0  1  0  0  0  0/1    22:03   1:48   1:58 
Mike Komisarek           0  0  0   0  2   0  2  1  0  0  0/0     9:21   0:00   0:00 
Niklas Kronwall          0  0  0  -1  5   0  2  4  0  0  0/0    22:26   2:23   3:52 
Ryan Smyth               0  0  0   0  0   3  2  0  0  0  3/7    23:14   2:10   3:59 
Sam Gagner               0  0  0   0  0   3  0  0  0  0  6/16   20:02   2:10   0:47 
Theo Peckham             0  0  0   0  0   0  0  0  0  0  0/0     0:42   0:00   0:00 
Viktor Stalberg          0  0  0   0  0   1  0  0  0  0  0/1    12:04   0:00   0:00 

Players Stats for Kings

Player Name              G  A  P  +/- PIM S  H  SB GA TA FO     MP     PP MP  PK MP  
------------------------------------------------------------------------------------
Antoine Vermette         0  0  0   0  0   1  1  0  0  0  19/27  23:05   3:40   3:23 
Brian Boyle              0  0  0   1  2   0  2  0  0  0  11/19  18:31   4:56   0:00 
Devante Smith-Pelly      0  0  0   0  0   1  0  0  0  0  0/0     6:29   0:00   0:00 
Erik Condra              0  1  1   1  5   4  0  0  0  0  1/2    17:20   3:45   0:03 
Jamie McBain             0  0  0   0  0   3  2  0  0  0  0/0    21:14   4:03   1:37 
Jarret Stoll             0  0  0   0  0   3  2  0  0  0  2/2    23:04   3:36   3:23 
Joe Corvo                0  0  0   0  2   1  0  1  0  0  0/0    20:36   4:03   1:00 
Jonathon Blum            0  0  0   0  0   1  0  0  0  0  0/0    14:43   0:00   0:00 
Luke Adam                0  0  0   0  0   2  0  0  0  0  0/0     6:32   0:00   0:03 
Matt Duchene             1  0  1   1  0   4  0  0  0  0  0/0    18:32   4:56   0:00 
Matt Hendricks           0  0  0   0  0   0  3  0  0  0  5/5     6:29   0:00   0:00 
Matt Taormina            0  0  0   0  0   1  3  0  0  0  0/0    15:20   0:00   0:37 
Michael Frolik           0  0  0   0  0   2  0  0  0  0  4/14   12:07   0:48   0:00 
Ryan Johansen            0  0  0   0  0   1  0  0  0  0  0/0    11:51   0:00   0:32 
Sean Bergenheim          0  0  0   0  0   2  2  0  0  0  1/1    20:14   3:40   0:32 
Sergei Gonchar           0  1  1   1  0   2  0  0  0  0  0/0    24:03   4:33   2:21 
Vyacheslav Voynov        0  0  0   1  0   1  2  2  0  0  0/0    24:03   4:33   2:21 
Wojtek Wolski            0  0  0   0  0   1  1  0  0  0  1/1    11:46   0:27   0:00 

3 Stars

1 - Tim Thomas (FLA)
2 - Jonathan Quick (LOS)
3 - Matt Duchene (LOS)

Power Play

Panthers - 0 on 2 Attempt(s) - 0.00%
Kings - 0 on 6 Attempt(s) - 0.00%

Penalty Kill

Panthers - 6 on 6 Attempt(s) - 100.00% - Score 0 goal in Penalty Kill
Kings - 2 on 2 Attempt(s) - 100.00% - Score 0 goal in Penalty Kill

Official

Referees : Dennis LaRue and Dan O'Rourke
Linesman : Brian Murphy and Ryan Galloway

Game Notes

Kyle Quincey is injured at 5:00 of 1st period (Left Hand)
Erik Condra and Niklas Kronwall fight to a draw at 4:03 of 2nd period

Finance

Level 1 -- Attendance: 6031 (92.78%) -- Ticket Income $482,480
Level 2 -- Attendance: 5000 (100.00%) -- Ticket Income $250,000
Level 3 -- Attendance: 3500 (100.00%) -- Ticket Income $122,500
Level 4 -- Attendance: 2118 (100.00%) -- Ticket Income $42,360
Luxury Box -- Attendance: 1000 (100.00%) -- Ticket Income $200,000
Game was played at the Staples Center
Total Attendance: 17649 (97.41%)
Total Ticket Income: $1,097,340
Other Income: $164,601
Total Income: $1,261,941


% Time on Ice - Panthers

Lines # - Real PCT - Wanted PCT - Time Play
Normal Forward
1 - 21% - 40% - 9:55
2 - 39% - 30% - 18:17
3 - 25% - 20% - 11:59
4 - 15% - 10% - 7:10
Normal Defense
1 - 35% - 40% - 16:27
2 - 29% - 30% - 13:45
3 - 16% - 20% - 7:47
4 - 20% - 10% - 9:22
PP Forward
1 - 55% - 60% - 2:10
2 - 45% - 40% - 1:48
PP Defense
1 - 58% - 60% - 2:19
2 - 42% - 40% - 1:39
PK Forward
1 - 88% - 60% - 5:57
2 - 12% - 40% - 0:47
PK Defense
1 - 48% - 60% - 3:13
2 - 52% - 40% - 3:31
PK3 Forward
1 - 79% - 60% - 1:29
2 - 21% - 40% - 0:23
PK3 Defense
1 - 48% - 60% - 0:54
2 - 52% - 40% - 0:58
44 Forward
1 - 0% - 60%
2 - 0% - 40%
44 Defense
1 - 0% - 60%
2 - 0% - 40%
Last Minute Offensive  - 0:05
Last Minute Defensive  - 0:00
Total
Forward - 60:00
Defense - 60:00

% Time on Ice - Kings

Lines # - Real PCT - Wanted PCT - Time Play
Normal Forward
1 - 34% - 40% - 16:02
2 - 29% - 30% - 13:36
3 - 24% - 20% - 11:19
4 - 14% - 10% - 6:29
Normal Defense
1 - 33% - 40% - 15:50
2 - 33% - 30% - 15:34
3 - 31% - 20% - 14:43
4 - 3% - 10% - 1:19
PP Forward
1 - 43% - 60% - 3:40
2 - 57% - 40% - 4:56
PP Defense
1 - 53% - 60% - 4:33
2 - 47% - 40% - 4:03
PK Forward
1 - 87% - 60% - 3:26
2 - 13% - 40% - 0:32
PK Defense
1 - 59% - 60% - 2:21
2 - 41% - 40% - 1:37
PK3 Forward
1 - 0% - 60%
2 - 0% - 40%
PK3 Defense
1 - 0% - 60%
2 - 0% - 40%
44 Forward
1 - 0% - 60%
2 - 0% - 40%
44 Defense
1 - 0% - 60%
2 - 0% - 40%
Last Minute Offensive  - 0:00
Last Minute Defensive  - 0:00
Total
Forward - 60:00
Defense - 60:00

Play by Play

1st period


0:01 of 1st period - Antoine Vermette wins face-off versus Sam Gagner in neutral zone.
0:04 of 1st period - Ryan Smyth is hit by Antoine Vermette and loses puck.
0:24 of 1st period - Shot by Sam Gagner.
0:24 of 1st period - Stopped by Jonathan Quick with a rebound.
0:28 of 1st period - Shot by Ryan Smyth.
0:28 of 1st period - Stopped by Jonathan Quick with a rebound.
0:33 of 1st period - Ryan Smyth is hit by Vyacheslav Voynov and loses puck.
1:07 of 1st period - Erik Condra is hit by Daniel Alfredsson and loses puck.
1:43 of 1st period - Off-side.
1:44 of 1st period - Dave Bolland wins face-off versus Michael Frolik in neutral zone.
4:18 of 1st period - Niklas Kronwall is hit by Matt Hendricks and loses puck.
4:41 of 1st period - Shot by Erik Condra.
4:41 of 1st period - Stopped by Tim Thomas with a rebound.
4:53 of 1st period - Shot by Erik Condra.
4:53 of 1st period - Stopped by Tim Thomas without a rebound.
4:54 of 1st period - Daniel Alfredsson wins face-off versus Antoine Vermette in Panthers zone.
4:54 of 1st period - Daniel Alfredsson is hit by Jarret Stoll.
4:59 of 1st period - Kyle Quincey is hit by Matt Taormina and loses puck.
5:00 of 1st period - Kyle Quincey from Panthers is injured at 5:00 of 1st period (Left Hand).
5:01 of 1st period - Brian Boyle wins face-off versus Daniel Alfredsson in Kings zone.
5:13 of 1st period - Icing by Johnny Oduya.
5:14 of 1st period - Sean Bergenheim wins face-off versus Daniel Alfredsson in Panthers zone.
6:21 of 1st period - Niklas Kronwall is hit by Jamie McBain and loses puck.
6:40 of 1st period - Shot by Jamie McBain.
6:40 of 1st period - Stopped by Tim Thomas with a rebound.
6:52 of 1st period - Shot by Joe Corvo.
6:52 of 1st period - Stopped by Tim Thomas without a rebound.
6:53 of 1st period - Dave Bolland wins face-off versus Michael Frolik in Panthers zone.
6:55 of 1st period - Icing by Matt Cullen.
6:56 of 1st period - Dave Bolland wins face-off versus Michael Frolik in Panthers zone.
6:56 of 1st period - Matt Cullen is hit by Wojtek Wolski and loses puck.
7:25 of 1st period - Shot by Dave Bolland.
7:25 of 1st period - Shot Misses the Net.
7:28 of 1st period - Icing by Jonathon Blum.
7:29 of 1st period - Daniel Alfredsson wins face-off versus Michael Frolik in Kings zone.
7:43 of 1st period - Daniel Alfredsson is hit by Matt Taormina and loses puck.
8:14 of 1st period - Shot by Jarret Stoll.
8:14 of 1st period - Stopped by Tim Thomas without a rebound.
8:15 of 1st period - Brian Boyle wins face-off versus Dave Bolland in Panthers zone.
8:22 of 1st period - Shot by Brian Boyle.
8:22 of 1st period - Shot Misses the Net.
8:26 of 1st period - Shot by Matt Duchene.
8:26 of 1st period - Shot Misses the Net.
8:34 of 1st period - Shot by Erik Condra.
8:34 of 1st period - Stopped by Tim Thomas with a rebound.
9:28 of 1st period - Shot by Antoine Vermette.
9:28 of 1st period - Shot Misses the Net.
9:41 of 1st period - Icing by Sergei Gonchar.
9:42 of 1st period - Sam Gagner wins face-off versus Antoine Vermette in Kings zone.
9:43 of 1st period - Shot by Niklas Kronwall.
9:43 of 1st period - Shot Misses the Net.
9:57 of 1st period - Shot by Jarret Stoll.
9:57 of 1st period - Shot Misses the Net.
10:23 of 1st period - Jason Garrison is hit by Matt Hendricks and loses puck.
10:42 of 1st period - Shot by Luke Adam.
10:42 of 1st period - Shot Misses the Net.
11:16 of 1st period - Shot by Wojtek Wolski.
11:16 of 1st period - Shot Misses the Net.
11:22 of 1st period - Shot by Michael Frolik.
11:22 of 1st period - Shot Blocked by Niklas Kronwall.
12:00 of 1st period - Shot by Matt Duchene.
12:00 of 1st period - Stopped by Tim Thomas with a rebound.
12:40 of 1st period - Icing by Johnny Oduya.
12:41 of 1st period - Colin Greening wins face-off versus Antoine Vermette in Panthers zone.
13:18 of 1st period - Shot by Antoine Vermette.
13:18 of 1st period - Shot Misses the Net.
13:20 of 1st period - Shot by Matt Taormina.
13:20 of 1st period - Shot Blocked by Justin Falk.
13:45 of 1st period - Icing by Joe Corvo.
13:46 of 1st period - Matt Hendricks wins face-off versus Dave Bolland in Kings zone.
13:46 of 1st period - Matt Hendricks is hit by Matt Cullen.
13:55 of 1st period - Minor Penalty to Luca Sbisa for Holding.
13:56 of 1st period - Daniel Alfredsson wins face-off versus Brian Boyle in Panthers zone.
15:03 of 1st period - Shot by Jarret Stoll.
15:03 of 1st period - Shot Blocked by Andy Greene.
15:05 of 1st period - Shot by Sean Bergenheim.
15:05 of 1st period - Shot Blocked by Andy Greene.
16:07 of 1st period - Shot by Matt Taormina.
16:07 of 1st period - Stopped by Tim Thomas without a rebound.
16:08 of 1st period - Matt Hendricks wins face-off versus Dave Bolland in Panthers zone.
16:30 of 1st period - Shot by Luke Adam.
16:30 of 1st period - Stopped by Tim Thomas without a rebound.
16:31 of 1st period - Sam Gagner wins face-off versus Brian Boyle in Panthers zone.
16:31 of 1st period - Sam Gagner is hit by Brian Boyle.
16:47 of 1st period - Brian Boyle is hit by Mike Komisarek and loses puck.
17:08 of 1st period - Shot by Sam Gagner.
17:08 of 1st period - Stopped by Jonathan Quick without a rebound.
17:09 of 1st period - Daniel Alfredsson wins face-off versus Michael Frolik in Kings zone.
17:12 of 1st period - Shot by Luca Sbisa.
17:12 of 1st period - Shot Blocked by Vyacheslav Voynov.
18:34 of 1st period - Shot by Antoine Vermette.
18:34 of 1st period - Stopped by Tim Thomas without a rebound.
18:35 of 1st period - Dave Bolland wins face-off versus Brian Boyle in Panthers zone.
18:35 of 1st period - Jiri Hudler is hit by Brian Boyle and loses puck.
18:46 of 1st period - Icing by Dave Bolland.
18:47 of 1st period - Matt Hendricks wins face-off versus Dave Bolland in Panthers zone.
18:47 of 1st period - Sergei Gonchar is hit by Niklas Kronwall and loses puck.
19:17 of 1st period - Icing by Jason Garrison.
19:18 of 1st period - Antoine Vermette wins face-off versus Dave Bolland in Panthers zone.
19:34 of 1st period - Jason Garrison is hit by Jamie McBain and loses puck.
19:58 of 1st period - Antoine Vermette is hit by Justin Falk.

2nd period


0:01 of 2nd period - Antoine Vermette wins face-off versus Sam Gagner in neutral zone.
0:12 of 2nd period - Sergei Gonchar is hit by Daniel Alfredsson and loses puck.
0:23 of 2nd period - Shot by Jarret Stoll.
0:23 of 2nd period - Stopped by Tim Thomas without a rebound.
0:24 of 2nd period - Brian Boyle wins face-off versus Matt Cullen in Panthers zone.
1:24 of 2nd period - Icing by Sergei Gonchar.
1:25 of 2nd period - Antoine Vermette wins face-off versus Sam Gagner in Kings zone.
1:25 of 2nd period - Antoine Vermette is hit by Ryan Smyth.
1:55 of 2nd period - Shot by Antoine Vermette.
1:55 of 2nd period - Deflect By Sean Bergenheim.
1:55 of 2nd period - Shot Misses the Net.
1:58 of 2nd period - Icing by Jason Garrison.
1:59 of 2nd period - Sam Gagner wins face-off versus Michael Frolik in Panthers zone.
2:27 of 2nd period - Icing by Matt Taormina.
2:28 of 2nd period - Michael Frolik wins face-off versus Dave Bolland in Kings zone.
2:28 of 2nd period - Michael Frolik is hit by Jiri Hudler.
2:57 of 2nd period - Icing by Andy Greene.
2:58 of 2nd period - Antoine Vermette wins face-off versus Dave Bolland in Panthers zone.
3:06 of 2nd period - Sean Bergenheim is hit by Andy Greene and loses puck.
3:16 of 2nd period - Off-side.
3:17 of 2nd period - Brian Boyle wins face-off versus Sam Gagner in neutral zone.
3:44 of 2nd period - Shot by Jason Garrison.
3:44 of 2nd period - Shot Blocked by Joe Corvo.
4:03 of 2nd period - Erik Condra and Niklas Kronwall fight to a draw.
4:03 of 2nd period - Penalty to Erik Condra for Fighting.
4:03 of 2nd period - Penalty to Niklas Kronwall for Fighting.
4:04 of 2nd period - Antoine Vermette wins face-off versus Dave Bolland in Kings zone.
4:24 of 2nd period - Sean Bergenheim is hit by Justin Falk and loses puck.
5:20 of 2nd period - Wojtek Wolski is hit by Justin Falk and loses puck.
5:38 of 2nd period - Minor Penalty to Mike Komisarek for Hooking.
5:39 of 2nd period - Brian Boyle wins face-off versus Daniel Alfredsson in Panthers zone.
5:58 of 2nd period - Shot by Jamie McBain.
5:58 of 2nd period - Shot Misses the Net.
6:00 of 2nd period - Shot by Matt Duchene.
6:00 of 2nd period - Stopped by Tim Thomas with a rebound.
6:12 of 2nd period - Shot by Jamie McBain.
6:12 of 2nd period - Shot Misses the Net.
8:31 of 2nd period - Shot by Sam Gagner.
8:31 of 2nd period - Stopped by Jonathan Quick with a rebound.
8:34 of 2nd period - Icing by Matt Taormina.
8:35 of 2nd period - Matt Hendricks wins face-off versus Dave Bolland in Kings zone.
9:26 of 2nd period - Shot by Ryan Smyth.
9:26 of 2nd period - Stopped by Jonathan Quick without a rebound.
9:27 of 2nd period - Sam Gagner wins face-off versus Brian Boyle in Kings zone.
9:36 of 2nd period - Minor Penalty to Brian Boyle for Goalie Interference.
9:37 of 2nd period - Sam Gagner wins face-off versus Antoine Vermette in Kings zone.
10:00 of 2nd period - Off-side.
10:01 of 2nd period - Antoine Vermette wins face-off versus Dave Bolland in neutral zone.
11:15 of 2nd period - Icing by Niklas Kronwall.
11:16 of 2nd period - Antoine Vermette wins face-off versus Sam Gagner in Panthers zone.
11:47 of 2nd period - Shot by Matt Duchene.
11:47 of 2nd period - Shot Misses the Net.
12:01 of 2nd period - Shot by Erik Condra.
12:01 of 2nd period - Shot Misses the Net.
12:03 of 2nd period - Shot by Erik Condra.
12:03 of 2nd period - Stopped by Tim Thomas with a rebound.
12:05 of 2nd period - Shot by Matt Taormina.
12:05 of 2nd period - Shot Misses the Net.
12:07 of 2nd period - Shot by Jonathon Blum.
12:07 of 2nd period - Shot Misses the Net.
12:09 of 2nd period - Shot by Matt Duchene.
12:09 of 2nd period - Stopped by Tim Thomas without a rebound.
12:10 of 2nd period - Michael Frolik wins face-off versus Ryan Smyth in Panthers zone.
12:17 of 2nd period - Shot by Ryan Johansen.
12:17 of 2nd period - Stopped by Tim Thomas without a rebound.
12:18 of 2nd period - Wojtek Wolski wins face-off versus Ryan Smyth in Panthers zone.
13:12 of 2nd period - Vyacheslav Voynov is hit by Luca Sbisa and loses puck.
13:20 of 2nd period - Icing by Andy Greene.
13:21 of 2nd period - Dave Bolland wins face-off versus Antoine Vermette in Panthers zone.
13:21 of 2nd period - Dave Bolland is hit by Sean Bergenheim.
13:35 of 2nd period - Antoine Vermette is hit by Luca Sbisa and loses puck.
14:03 of 2nd period - Minor Penalty to Daniel Alfredsson for Holding.
14:04 of 2nd period - Erik Condra wins face-off versus Lee Stempniak in Panthers zone.
14:41 of 2nd period - Off-side.
14:42 of 2nd period - Antoine Vermette wins face-off versus Lee Stempniak in neutral zone.
14:45 of 2nd period - Shot by Jamie McBain.
14:45 of 2nd period - Shot Misses the Net.
14:47 of 2nd period - Shot by Jamie McBain.
14:47 of 2nd period - Stopped by Tim Thomas without a rebound.
14:48 of 2nd period - Antoine Vermette wins face-off versus Lee Stempniak in Panthers zone.
15:49 of 2nd period - Shot by Sergei Gonchar.
15:49 of 2nd period - Stopped by Tim Thomas with a rebound.
15:51 of 2nd period - Shot by Vyacheslav Voynov.
15:51 of 2nd period - Shot Blocked by Niklas Kronwall.
15:53 of 2nd period - Shot by Sergei Gonchar.
15:53 of 2nd period - Shot Blocked by Jason Garrison.
15:55 of 2nd period - Shot by Vyacheslav Voynov.
15:55 of 2nd period - Shot Blocked by Niklas Kronwall.
16:07 of 2nd period - Shot by Michael Frolik.
16:07 of 2nd period - Stopped by Tim Thomas without a rebound.
16:08 of 2nd period - Daniel Alfredsson wins face-off versus Michael Frolik in Panthers zone.
16:13 of 2nd period - Shot by Viktor Stalberg.
16:13 of 2nd period - Shot Misses the Net.
16:22 of 2nd period - Lee Stempniak is hit by Matt Taormina and loses puck.
16:37 of 2nd period - Shot by Justin Falk.
16:37 of 2nd period - Stopped by Jonathan Quick without a rebound.
16:38 of 2nd period - Antoine Vermette wins face-off versus Dave Bolland in Kings zone.
16:53 of 2nd period - Shot by Jarret Stoll.
16:53 of 2nd period - Stopped by Tim Thomas without a rebound.
16:54 of 2nd period - Brian Boyle wins face-off versus Daniel Alfredsson in Panthers zone.
16:54 of 2nd period - Brian Boyle is hit by Johnny Oduya.
17:23 of 2nd period - Icing by Brian Boyle.
17:24 of 2nd period - Dave Bolland wins face-off versus Brian Boyle in Kings zone.
17:32 of 2nd period - Sergei Gonchar is hit by Niklas Kronwall.
17:38 of 2nd period - Shot by Matt Duchene.
17:38 of 2nd period - Goal by Matt Duchene - Panthers : 0 - Kings : 1.
17:39 of 2nd period - Antoine Vermette wins face-off versus Daniel Alfredsson in neutral zone.
18:10 of 2nd period - Shot by Sean Bergenheim.
18:10 of 2nd period - Stopped by Tim Thomas without a rebound.
18:11 of 2nd period - Michael Frolik wins face-off versus Ryan Smyth in Panthers zone.
19:11 of 2nd period - Brian Boyle is hit by Johnny Oduya and loses puck.
19:27 of 2nd period - Matt Taormina is hit by Andy Greene and loses puck.
19:35 of 2nd period - Icing by Andy Greene.
19:36 of 2nd period - Antoine Vermette wins face-off versus Dave Bolland in Panthers zone.
19:42 of 2nd period - Minor Penalty to Joe Corvo for Hooking.
19:43 of 2nd period - Sam Gagner wins face-off versus Antoine Vermette in Kings zone.
19:46 of 2nd period - Shot by Ryan Smyth.
19:46 of 2nd period - Stopped by Jonathan Quick without a rebound.
19:47 of 2nd period - Antoine Vermette wins face-off versus Dave Bolland in Kings zone.

3rd period


0:01 of 3rd period - Jarret Stoll wins face-off versus Sam Gagner in neutral zone.
0:24 of 3rd period - Shot by Jason Garrison.
0:24 of 3rd period - Stopped by Jonathan Quick without a rebound.
0:25 of 3rd period - Dave Bolland wins face-off versus Antoine Vermette in Kings zone.
0:48 of 3rd period - Shot by Andy Greene.
0:48 of 3rd period - Stopped by Jonathan Quick without a rebound.
0:49 of 3rd period - Antoine Vermette wins face-off versus Sam Gagner in Kings zone.
1:34 of 3rd period - Shot by Daniel Alfredsson.
1:34 of 3rd period - Stopped by Jonathan Quick with a rebound.
3:15 of 3rd period - Icing by Matt Taormina.
3:16 of 3rd period - Ryan Smyth wins face-off versus Michael Frolik in Kings zone.
3:31 of 3rd period - Shot by Jason Garrison.
3:31 of 3rd period - Stopped by Jonathan Quick without a rebound.
3:32 of 3rd period - Ryan Smyth wins face-off versus Brian Boyle in Kings zone.
3:38 of 3rd period - Icing by Sergei Gonchar.
3:39 of 3rd period - Dave Bolland wins face-off versus Erik Condra in Kings zone.
3:39 of 3rd period - Andy Greene is hit by Vyacheslav Voynov and loses puck.
4:41 of 3rd period - Off-side.
4:42 of 3rd period - Antoine Vermette wins face-off versus Viktor Stalberg in neutral zone.
4:44 of 3rd period - Sean Bergenheim is hit by Mike Komisarek and loses puck.
5:41 of 3rd period - Matt Taormina is hit by Colin Greening.
5:51 of 3rd period - Shot by Luke Adam.
5:51 of 3rd period - Stopped by Tim Thomas with a rebound.
5:53 of 3rd period - Shot by Jonathon Blum.
5:53 of 3rd period - Shot Blocked by Niklas Kronwall.
5:55 of 3rd period - Shot by Jonathon Blum.
5:55 of 3rd period - Stopped by Tim Thomas without a rebound.
5:56 of 3rd period - Michael Frolik wins face-off versus Dave Bolland in Panthers zone.
5:56 of 3rd period - Minor Penalty to Luca Sbisa for Holding Stick.
5:57 of 3rd period - Brian Boyle wins face-off versus Daniel Alfredsson in Panthers zone.
6:03 of 3rd period - Minor Penalty to Justin Falk for Diving.
6:04 of 3rd period - Daniel Alfredsson wins face-off versus Brian Boyle in Panthers zone.
6:31 of 3rd period - Shot by Sergei Gonchar.
6:31 of 3rd period - Stopped by Tim Thomas without a rebound.
6:32 of 3rd period - Jarret Stoll wins face-off versus Daniel Alfredsson in Panthers zone.
6:37 of 3rd period - Shot by Sean Bergenheim.
6:37 of 3rd period - Stopped by Tim Thomas without a rebound.
6:38 of 3rd period - Antoine Vermette wins face-off versus Daniel Alfredsson in Panthers zone.
7:38 of 3rd period - Shot by Vyacheslav Voynov.
7:38 of 3rd period - Stopped by Tim Thomas without a rebound.
7:39 of 3rd period - Brian Boyle wins face-off versus Daniel Alfredsson in Panthers zone.
7:57 of 3rd period - Brian Boyle is hit by Luca Sbisa and loses puck.
8:08 of 3rd period - Matt Cullen is hit by Matt Hendricks and loses puck.
8:17 of 3rd period - Shot by Jiri Hudler.
8:17 of 3rd period - Shot Misses the Net.
9:26 of 3rd period - Shot by Jarret Stoll.
9:26 of 3rd period - Shot Hit the Post.
9:28 of 3rd period - Shot by Jamie McBain.
9:28 of 3rd period - Stopped by Tim Thomas with a rebound.
10:31 of 3rd period - Icing by Niklas Kronwall.
10:32 of 3rd period - Daniel Alfredsson wins face-off versus Michael Frolik in Panthers zone.
10:43 of 3rd period - Shot by Viktor Stalberg.
10:43 of 3rd period - Stopped by Jonathan Quick without a rebound.
10:44 of 3rd period - Dave Bolland wins face-off versus Antoine Vermette in Kings zone.
11:03 of 3rd period - Matt Cullen is hit by Jarret Stoll and loses puck.
12:00 of 3rd period - Shot by Daniel Alfredsson.
12:00 of 3rd period - Shot Misses the Net.
12:02 of 3rd period - Shot by Jason Garrison.
12:02 of 3rd period - Shot Misses the Net.
12:04 of 3rd period - Shot by Daniel Alfredsson.
12:04 of 3rd period - Stopped by Jonathan Quick without a rebound.
12:05 of 3rd period - Brian Boyle wins face-off versus Ryan Smyth in Kings zone.
12:18 of 3rd period - Icing by Ryan Smyth.
12:19 of 3rd period - Ryan Smyth wins face-off versus Michael Frolik in Panthers zone.
12:28 of 3rd period - Shot by Michael Frolik.
12:28 of 3rd period - Stopped by Tim Thomas without a rebound.
12:29 of 3rd period - Daniel Alfredsson wins face-off versus Brian Boyle in Panthers zone.
12:46 of 3rd period - Shot by Daniel Alfredsson.
12:46 of 3rd period - Stopped by Jonathan Quick with a rebound.
12:48 of 3rd period - Shot by Jason Garrison.
12:48 of 3rd period - Shot Blocked by Vyacheslav Voynov.
13:21 of 3rd period - Icing by Vyacheslav Voynov.
13:22 of 3rd period - Brian Boyle wins face-off versus Dave Bolland in Kings zone.
14:04 of 3rd period - Ryan Johansen is hit by Andy Greene and loses puck.
14:11 of 3rd period - Shot by Wojtek Wolski.
14:11 of 3rd period - Stopped by Tim Thomas without a rebound.
14:12 of 3rd period - Antoine Vermette wins face-off versus Sam Gagner in Panthers zone.
14:35 of 3rd period - Icing by Sam Gagner.
14:36 of 3rd period - Matt Hendricks wins face-off versus Sam Gagner in Panthers zone.
14:41 of 3rd period - Shot by Luke Adam.
14:41 of 3rd period - Shot Blocked by Mike Komisarek.
14:43 of 3rd period - Shot by Devante Smith-Pelly.
14:43 of 3rd period - Stopped by Tim Thomas with a rebound.
15:12 of 3rd period - Icing by Justin Falk.
15:13 of 3rd period - Antoine Vermette wins face-off versus Sam Gagner in Panthers zone.
15:24 of 3rd period - Joe Corvo is hit by Ryan Smyth and loses puck.
15:55 of 3rd period - Niklas Kronwall is hit by Sean Bergenheim and loses puck.
18:12 of 3rd period - Jarret Stoll is hit by Jason Garrison and loses puck.
19:13 of 3rd period - Shot by Matt Taormina.
19:13 of 3rd period - Shot Misses the Net.
19:26 of 3rd period - Minor Penalty to Colin Greening for Interference.
19:27 of 3rd period - Brian Boyle wins face-off versus Lee Stempniak in Panthers zone.
19:39 of 3rd period - Matt Duchene is hit by Lee Stempniak and loses puck.


Output by the SimonT Hockey Simulator (STHS) for Stephane Roy -- Original Page W3C XHTML 1.0 Valid
Hockey Simulator - Hockey Simulation - Hockey Manager